 Dungeon Crawl Stone Soup version 0.17.0-25-gefc9c12 (webtiles) character file.

56 septik the Ruffian (level 3, -1/34 HPs)
             Began as a Naga Fighter on Nov 18, 2015.
             Slain by a worm (9 damage)
             ... on level 2 of the Dungeon.
             The game lasted 00:04:43 (1316 turns).

septik the Ruffian (Naga Fighter)                   Turns: 1316, Time: 00:04:43

Health: -1/34      AC:  6    Str: 18    XL:     3   Next: 95%
Magic:  3/3        EV:  5    Int:  8    God:
Gold:   191        SH:  8    Dex: 11    Spells: 0 memorised, 2 levels left

rFire  . . .     SeeInvis +       - Unarmed
rCold  . . .     Clarity  .     a - +0 scale mail
rNeg   . . .     SustAt   .     b - +0 shield
rPois  +         Gourm    .     n - +0 helmet
rElec  .         Spirit   .     p - +0 cloak
rCorr  .         Warding  .     (no gloves)
rMut   .         Stasis   .     (no barding)
MR     .....                    (no amulet)
Stlth  ..........               (no ring)
                                (no ring)

@: short of breath, very slow, not resistant to hostile enchantments, extremely
unstealthy
A: see invisible, deformed body, poison resistance, slowness 2, slow metabolism
1, spit poison 2, AC +1
a: Spit Poison


You were on level 2 of the Dungeon.
You were very hungry.

You visited 1 branch of the dungeon, and saw 2 of its levels.

You collected 191 gold pieces.

Inventory:

Missiles
 e - 21 steel sling bullets
 l - a stone (quivered)
Armour
 a - a +0 scale mail (worn)
 b - a +0 shield (worn)
 n - a +0 helmet (worn)
 p - a +0 cloak (worn)
Scrolls
 f - 2 scrolls of blinking {unknown}
 g - a scroll of enchant armour {unknown}
 h - a scroll of noise {unknown}
 j - 2 scrolls of identify {unknown}
 k - a scroll of remove curse {unknown}
 r - 2 scrolls of fear {unknown}
 s - a scroll of teleportation {unknown}
Potions
 c - a potion of might
 m - a potion of brilliance {unknown}
 q - a potion of haste {unknown}
 t - a potion of poison {unknown}
Comestibles
 d - a bread ration
 i - a slice of pizza
 o - 2 beef jerkies


   Skills:
 - Level 3.0 Fighting
 - Level 2.4 Armour
 - Level 2.4 Shields
 * Level 4.1 Unarmed Combat


You had 2 spell levels left.
You didn't know any spells.

Dungeon Overview and Level Annotations

Branches:
Dungeon (2/15)

Altars:


Innate Abilities, Weirdness & Mutations

You cannot wear boots.
Your serpentine skin is tough (AC +1).
You have supernaturally acute eyesight.
Armour fits poorly on your strangely shaped body.
Your system is resistant to poisons.
You cover ground very slowly.
You have a slow metabolism.
You can spit poison.


Message History

You are too injured to fight recklessly!
You are too injured to fight recklessly!
Press: ? - help, Shift-Dir - straight line, f/p - worm
Aim: a worm (heavily wounded)
The splash of poison hits the worm.
The worm is severely wounded.
You feel slightly more hungry. The worm bites you.
Okay, then.
You hit the worm but do no damage.
The worm is severely wounded.
You barely miss the worm.
The worm is severely wounded.
The worm bites you.
* * * LOW HITPOINT WARNING * * *
You hit the worm.
The worm is almost dead.
Your shield and scale mail prevent you from hitting the worm.
The worm is almost dead.
The worm bites you!
You die...

##### #...# ##### ####.#.# #....
#....#.# #.### #.####.###########
#.### #.# #...........# #...#
#.####...........#########.#
#.#..'.....@w....#..........
######.#.##...........#..........
.......#.##...........#..........
.#######.##############..........
.#######.###.....................
>......................########..
.###.......#...........# #.. .#
#.##....#...........# ####.. .#
#.##....#...........# #.##..


You could see a worm.

Vanquished Creatures
  A gnoll (D:1)
  2 oozes (D:2)
  A worm (D:2)
  6 bats
  5 goblins
  6 hobgoblins
  3 jackals (D:1)
  2 giant newts
  4 kobolds
  4 rats
  A fungus (D:1)
35 creatures vanquished.

Notes
Turn   | Place    | Note
--------------------------------------------------------------
     0 | D:1      | septik the Naga Fighter began the quest for the Orb.
     0 | D:1      | Reached XP level 1. HP: 21/21 MP: 1/1
   120 | D:1      | Reached XP level 2. HP: 26/28 MP: 2/2
   334 | D:1      | Reached XP level 3. HP: 25/34 MP: 3/3
  1114 | D:2      | Reached skill level 4 in Unarmed Combat
  1316 | D:2      | Slain by a worm

Action                   || total
-------------------------++-------
Melee: Unarmed           ||   126
 Abil: Spit Poison       ||    23
  Eat: Chunk             ||     1
